 Dungeon Crawl Stone Soup version 0.30.0-7-g0c4daa9e05 (webtiles) character file.

Game seed: 15343689465835529262

233992 Foic the Slayer (level 19, -2/189 (195) HPs)
             Began as a Hill Orc Monk on May 12, 2023.
             Was the Champion of Nemelex Xobeh.
             Killed from afar by an orc sorcerer (21 damage)
             ... with a bolt of fire
             ... on level 2 of the Abyss on May 13, 2023.
             The game lasted 04:38:53 (44687 turns).

Foic the Slayer (Hill Orc Monk)                    Turns: 44687, Time: 04:38:53

HP:   -2/189 (195)  AC: 30    Str: 22    XL:     19   Next: 58%
MP:   39/39         EV: 11    Int: 10    God:    Nemelex Xobeh [******]
Gold: 1862          SH: 18    Dex: 16    Spells: 18/18 levels left

rFire   . . .        c - +4 war axe (vamp)
rCold   + + +        w - +0 tower shield
rNeg    . . .        y - +0 plate armour
rPois   +            v - +2 helmet
rElec   +            S - +2 cloak
rCorr   +            n - +0 pair of fencer's gloves {Riposte Dex+3}
SInv    +            p - +0 pair of boots
Will    +....        k - amulet of Vasaraz {Contam rElec rC+++ Regen+} Stlth
                     o - ring "Ycihoupt" {rCorr MP+9 SInv}
HPRegen 1.31/turn    Y - ring of poison resistance
MPRegen 0.26/turn

%: no passive effects
@: studying Staves, lightly drained
A: no striking features
}: 1/15 runes: gossamer
a: Renounce Religion, Draw Escape, Draw Destruction, Draw Summoning, Triple
Draw, Deal Four, Stack Five


You were on level 2 of the Abyss.
You worshipped Nemelex Xobeh.
Nemelex Xobeh was exalted by your worship.
You visited 7 branches of the dungeon, and saw 33 of its levels.
You visited the Abyss 1 time.

You collected 3844 gold pieces.
You spent 1982 gold pieces at shops.

Inventory:

Hand Weapons
 a - a +2 war axe of venom
 b - a +2 war axe of flaming
 c - a +4 vampiric war axe (weapon)
Missiles
 f - 2 silver boomerangs (quivered)
 W - 12 datura-tipped darts
 X - 3 throwing nets
 Z - 10 curare-tipped darts
Armour
 n - the +0 pair of fencer's gloves (worn) {Riposte Dex+3}
   (You found it on level 2 of the Dungeon)

   Riposte:   It allows the wearer to riposte with melee weapons, swiftly
   retaliating against missed or blocked melee attacks.
   Dex:       It affects your dexterity (+3).
 p - a +0 pair of boots (worn)
 v - a +2 helmet (worn)
 w - a +0 tower shield (worn)
 y - a +0 plate armour (worn)
 S - a +2 cloak (worn)
Jewellery
 i - an amulet of reflection
 k - the amulet of Vasaraz (around neck) {Contam rElec rC+++ Regen+}
   (You bought it in a shop on level 2 of the Elven Halls)

   [amulet of regeneration]

   rC:        It renders you almost immune to cold.
   rElec:     It insulates you from electricity.
   Contam:    It causes magical contamination when unequipped.
   Regen:     It increases your rate of health regeneration.
 o - the ring "Ycihoupt" (left hand) {rCorr MP+9 SInv}
   (You bought it in a shop on level 2 of the Elven Halls)

   [ring of resist corrosion]

   MP:        It affects your magic capacity (+9).
   SInv:      It lets you see invisible.
   rCorr:     It protects you from acid and corrosion.
 t - a ring of flight
 F - a +4 ring of protection
 H - a +5 ring of evasion
 U - the ring "Qenyics" {rF+ Int+3}
   (You found it on level 2 of the Lair of Beasts)

   [ring of protection from fire]

   Int:       It affects your intelligence (+3).
   rF:        It protects you from fire.
 Y - a ring of poison resistance (right hand)
Wands
 j - a wand of mindburst (23)
 T - a wand of digging (8)
Scrolls
 d - 4 scrolls of identify
 g - 2 scrolls of poison
 h - 5 scrolls of enchant armour
 q - 3 scrolls of brand weapon
 r - 7 scrolls of blinking
 B - 18 scrolls of teleportation
 D - 3 scrolls of magic mapping
 G - 3 scrolls of silence
 L - 4 scrolls of summoning
 M - 4 scrolls of enchant weapon
 O - 3 scrolls of fear
 Q - 2 scrolls of fog
Potions
 e - 4 potions of berserk rage
 l - 15 potions of curing
 m - 7 potions of brilliance
 s - 9 potions of might
 u - 8 potions of heal wounds
 x - 5 potions of haste
 C - 3 potions of resistance
 E - 6 potions of lignification
 K - 6 potions of ambrosia
 N - 4 potions of flight
 R - 11 potions of mutation
 V - a potion of invisibility
Miscellaneous
 J - a box of beasts


   Skills:
 * Level 23.2 Fighting
 + Level 16.8 Axes
 * Level 19.3 Armour
 + Level 11.1 Dodging
 + Level 13.7 Shields
 + Level 15.7 Invocations


You had 18 spell levels left.
You didn't know any spells.
Your spell library contained the following spells:

 Spells                   Type           Power      Damage    Failure   Level
 Beastly Appendage        Tmut           0%         N/A       100%        1
 Foxfire                  Conj/Fire      0%         2x1d4     100%        1
 Freeze                   Ice            0%         1d3       100%        1
 Shock                    Conj/Air       0%         1d3       100%        1
 Slow                     Hex            0%         N/A       100%        1
 Blink                    Tloc           0%         N/A       100%        2
 Ensorcelled Hibernation  Hex/Ice        0%         N/A       100%        2
 Lesser Beckoning         Tloc           0%         N/A       100%        2
 Momentum Strike          Conj/Tloc      0%         3d8       100%        2
 Passwall                 Tmut/Erth      0%         N/A       100%        2
 Sublimation of Blood     Necr           0%         N/A       100%        2
 Wereblood                Tmut           0%         N/A       100%        2
 Confusing Touch          Hex            0%         N/A       100%        3
 Dazzling Flash           Conj/Hex       0%         N/A       100%        3
 Frozen Ramparts          Ice            0%         1d1       100%        3
 Hailstorm                Conj/Ice       0%         3d3       100%        3
 Portal Projectile        Hex/Tloc       0%         N/A       100%        3
 Spider Form              Tmut/Pois      0%         N/A       100%        3
 Swiftness                Air            0%         N/A       100%        3
 Tukima's Dance           Hex            0%         N/A       100%        3
 Vampiric Draining        Necr           0%         2d6       100%        3
 Airstrike                Air            0%         2d(0-16)  100%        4
 Manifold Assault         Tloc           0%         N/A       100%        4
 Petrify                  Tmut/Erth      0%         N/A       100%        4
 Agony                    Necr           0%         N/A       100%        5
 Blade Hands              Tmut           0%         N/A       100%        5
 Fireball                 Conj/Fire      0%         3d3       100%        5
 Irradiate                Conj/Tmut      0%         3d11      100%        5
 Metabolic Englaciation   Hex/Ice        0%         N/A       100%        5
 Silence                  Hex/Air        0%         N/A       100%        5
 Summon Forest            Summ/Tloc      0%         N/A       100%        5
 Summon Mana Viper        Hex/Summ       0%         N/A       100%        5
 Dispersal                Tloc           0%         N/A       100%        6
 Plasma Beam              Fire/Air       0%         2x1d11    100%        6
 Starburst                Conj/Fire      0%         6d3       100%        6
 Statue Form              Tmut/Erth      0%         N/A       100%        6
 Summon Cactus Giant      Summ           0%         N/A       100%        6
 Disjunction              Tloc           0%         N/A       100%        8


Dungeon Overview and Level Annotations

Branches:
Dungeon (15/15)            Temple (1/1) D:5            Lair (5/5) D:10
 Shoals (3/4) Lair:2       Spider (4/4) Lair:3        Slime (0/5) Lair:5
    Orc (2/2) D:11            Elf (3/3) Orc:2        Vaults (0/5) D:14
 Depths (0/4) D:15

Altars:
Ashenzari
Cheibriados
Dithmenos
Elyvilon
Fedhas
Gozag
Hepliaklqana
Kikubaaqudgha
Makhleb
Nemelex Xobeh
Okawaru
Qazlal
Ru
Sif Muna
Trog
Uskayaw
Vehumet
Wu Jian
Xom
Yredelemnul
Zin
The Shining One
Beogh

Shops:
D:2 :   D:3 *(   D:5 *   D:14 (   Orc:1 ?(   Orc:2 *[:[   Elf:2 [==!
Shoals:2 ?   Shoals:3 *

Annotations:
Shoals:3 heavy concentration
Spider:2 2 transporters, Erymatos's ghost, journeyman MiBe


Message History

The hellephant gores you but does no damage.
You hit the hellephant.
The hellephant is heavily wounded.
You hit the hellephant but do no damage.
The hellephant is heavily wounded.
The hellephant breathes flames at you. The blast of flame hits you!!!!
You slice the hellephant!!
The hellephant is severely wounded.
The hellephant breathes flames at you. The blast of flame hits you!!
* * * LOW HITPOINT WARNING * * *
You draw a card...
You have drawn Exile.
Nothing appears to happen.
The hellephant tramples you!!
* * * LOW HITPOINT WARNING * * *
You stumble backwards!
You draw a card...
You have drawn Vitriol.
Press: ? - help, Shift-Dir - straight line, f - hellephant
Aim: a hellephant (severely wounded, catching its breath)
The bolt of acid hits the hellephant!!!
The acid corrodes the hellephant!
The hellephant is almost dead.
The hellephant tramples you but does no damage.
The hellephant bites you!
* * * LOW HITPOINT WARNING * * *
The hellephant gores you but does no damage.
You block the hellephant's attack. x2; The hellephant barely misses you.
The hellephant attacks as you move away!
The hellephant tramples you.
* * * LOW HITPOINT WARNING * * *
The hellephant bites you but does no damage.
The hellephant gores you but does no damage.
The hellephant blinks!
The hellephant blinks!
An orc sorcerer comes into view. It is wielding a +0 dagger.
The orc sorcerer shouts!
The orc sorcerer casts a spell at you. The bolt of fire hits you!!
You die...
Your body glows slightly and disappears.

.. . # ...
.....##. ..... .
# # ...... . # #
.. . .#. #####..
.. ##.... ..
.#...#. . #....#
###...#...
#...... ..#
.##.....#
#####..##..##@..#
##.#. .#.. ##.###
#.. .. # #..#..#
#.#.##..
.#.#.###.# .
#..#.Y....# .# .
###..#.o#.# .#
#.##. ...#.# .#
#..#.## ..# # #
#..#.#.##


You could see an orc sorcerer.

Vanquished Creatures
  Arachne (Spider:3)
  Rupert (Lair:4)
  Mlioglotl (Spider:4)
  A deep elf blademaster (Elf:2)
  Polyphemus (Shoals:2)
  2 krakens
  Agnes (Elf:1)
  A tentacled starspawn (Abyss:2)
  Gastronok (Lair:2)
  Kirke (D:12)
  Donald (Shoals:2)
  A fenstrider witch (Shoals:2)
  6 emperor scorpions
  2 ghost moths
  A deep elf elementalist (Elf:3)
  A broodmother (Spider:4)
  A very ugly thing (Abyss:2)
  A deep elf demonologist (Elf:3)
  Nessos (D:13)
  A deep elf annihilator (Elf:3)
  Azrael (D:13)
  A spark wasp (Spider:4)
  A lorocyproca (Abyss:2)
  A deep elf death mage (Elf:3)
  2 fire dragons
  Josephine (D:11)
  An ettin (D:15)
  A deep elf high priest (Elf:3)
  7 hydras
  An entropy weaver (shapeshifter) (Elf:1)
  An entropy weaver (Spider:3)
  2 ogre magi (Orc:2)
  8 boulder beetles
  An ice dragon (Lair:5)
  A merfolk avatar (Shoals:2)
  2 catoblepae
  3 merfolk aquamancers
  A radroach (D:14)
  5 centaur warriors
  19 dancing weapons
  2 satyrs
  11 two-headed ogres
  An alligator (D:11)
  Urug (Lair:1)
  11 death yaks
  An orc high priest (Orc:2)
  A tengu warrior (D:15)
  13 deep elf knights
  Nergalle (D:11)
  5 skysharks
  4 pharaoh ants
  4 skeletal warriors
  16 sea snakes
  2 sun moths
  2 deep trolls (Orc:2)
  10 orb spiders
  9 steelbarb worms
  3 deep elf archers
  2 lindwurms
  A swamp dragon (Lair:5)
  2 orc knights
  18 deep elf pyromancers
  17 harpies
  2 necromancers (D:15)
  6 fauns
  17 wolf spiders
  4 orc sorcerers
  The ghost of McKennaii the Conjurer, a novice DgCj (D:5)
  16 deep elf zephyrmancers
  7 cyclopes
  10 manticores
  5 black mambas
  15 ugly things
  24 elephants
  4 moths of wrath
  Maurice (D:11)
  8 torpor snails
  2 water nymphs
  An apocalypse crab (D:14)
  8 merfolk sirens
  14 demonic crawlers
  3 rime drakes
  14 cane toads
  2 kobold demonologists
  An efreet (D:14)
  A komodo dragon (shapeshifter) (D:13)
  5 komodo dragons
  A freezing wraith (Abyss:2)
  A yaktaur (D:14)
  11 merfolk
  19 trolls
  3 meliai (D:13)
  4 polar bears
  4 wind drakes
  A large abomination (Abyss:2)
  4 tyrant leeches (Lair:5)
  8 hornets
  23 tarantellas
  23 blink frogs
  4 dream sheep
  A slime creature (shapeshifter) (Elf:1)
  4 snapping turtles (Shoals:2)
  29 jumping spiders
  5 slime creatures
  A centaur simulacrum (D:13)
  25 culicivoras
  A ynoxinul (Abyss:2)
  4 shadows
  2 vampires
  8 water elementals
  6 wraiths
  6 fire elementals (D:13)
  4 hogs (D:12)
  5 wyverns
  7 basilisks
  50 yaks
  2 steam dragons
  5 vampire mosquitoes
  50 redbacks
  2 small abominations (Abyss:2)
  A warg (Orc:2)
  3 acid dragons (Lair:5)
  16 water moccasins
  A hell hound (D:13)
  18 orc warriors
  A swamp drake (Lair:5)
  2 black bears
  A wolf (Lair:2)
  2 sky beasts (D:7)
  22 ogres
  3 centaurs
  A phantom (D:5)
  6 kobold brigands
  15 bullfrogs
  A necrophage (D:7)
  A gnoll sergeant (D:11)
  An earth elemental (Elf:2)
  2 wyvern zombies (D:7)
  5 scorpions
  4 wights (D:7)
  8 killer bees
  7 howler monkeys
  A human zombie (D:7)
  A centaur zombie (D:7)
  3 hounds
  A gnoll bouda (D:4)
  13 orc priests
  8 jellies
  An iron imp (D:15)
  3 sleepcaps
  19 orc wizards
  9 iguanas
  2 killer bee zombies (D:7)
  A boggart simulacrum (D:14)
  A mummy (D:7)
  14 gnolls
  3 adders
  3 shadow imps
  3 white imps
  3 ufetubi
  2 worms
  3 dart slugs
  76 orcs
  4 endoplasms
  4 giant cockroaches
  5 goblins
  4 hobgoblins
  6 jackals
  4 quokkas
  4 ball pythons
  4 bats
  4 frilled lizards
  26 kobolds
  4 rats
  8 tentacles
1086 creatures vanquished.

Vanquished Creatures (collateral kills)
  A deep elf annihilator (Elf:3)
1 creature vanquished.

Vanquished Creatures (others)
  2 merfolk aquamancers (Shoals:2)
  A deep elf knight (Elf:2)
  A deep elf zephyrmancer (Elf:2)
  2 deep elf pyromancers
  2 water elementals (Elf:3)
  A jumping spider (Spider:4)
  A golden eye (D:14)
  A lurking horror (Abyss:2)
  20 tentacles
31 creatures vanquished.

Grand Total: 1118 creatures vanquished

Notes
Turn   | Place    | Note
-------+----------+-------------------------------------------
     0 | D:1      | Foic the Hill Orc Monk began the quest for the Orb.
     0 | D:1      | Reached XP level 1. HP: 19/19 MP: 1/1
   188 | D:1      | Reached XP level 2. HP: 24/27 MP: 2/2
   220 | D:1      | Reached skill level 1 in Armour
   361 | D:1      | Reached skill level 4 in Fighting
   702 | D:2      | Reached XP level 3. HP: 32/33 MP: 3/3
   721 | D:2      | Found the +0 pair of fencer's gloves {Riposte Dex+3}
   985 | D:2      | Found Attei's Book Shoppe.
  1111 | D:3      | Found Egiseg's Antique Weapon Shoppe.
  1128 | D:3      | Reached XP level 4. HP: 41/41 MP: 4/4
  1223 | D:3      | Found Biwiac's Assorted Antiques.
  1536 | D:4      | Noticed a scorpion
  1551 | D:4      | Killed a scorpion
  1552 | D:4      | Reached skill level 1 in Shields
  1552 | D:4      | Reached XP level 5. HP: 43/47 MP: 5/5
  1638 | D:4      | Reached skill level 5 in Fighting
  1948 | D:4      | Reached skill level 5 in Axes
  1948 | D:4      | Reached XP level 6. HP: 56/56 MP: 6/6
  2381 | D:5      | Entered Level 5 of the Dungeon
  2724 | D:4      | Reached XP level 7. HP: 40/62 MP: 7/7
  2820 | D:5      | Reached skill level 6 in Fighting
  2970 | D:5      | Noticed a hornet
  2980 | D:5      | Noticed McKennaii's ghost (novice DgCj)
  3002 | D:5      | Found a transporter.
  3002 | D:5      | Found a transporter.
  3081 | D:5      | Found Zin's Purification Station.
  3081 | D:5      | Found a glowing silver altar of Zin.
  3187 | D:5      | Found a staircase to the Ecumenical Temple.
  3194 | Temple   | Entered the Ecumenical Temple
  3513 | Temple   | Became a worshipper of Nemelex Xobeh the Trickster
  3513 | Temple   | Reached * piety under Nemelex Xobeh
  3513 | Temple   | Received a gift from Nemelex Xobeh
  3513 | Temple   | Reached ** piety under Nemelex Xobeh
  3714 | D:5      | Found a shimmering altar of Xom.
  3786 | D:6      | Reached XP level 8. HP: 71/71 MP: 8/8
  3787 | D:6      | Noticed a yak
  3791 | D:6      | Noticed a yak
  3798 | D:6      | Noticed a yak
  3800 | D:6      | Killed a yak
  3801 | D:6      | Reached skill level 7 in Fighting
  3801 | D:6      | Reached skill level 5 in Armour
  3801 | D:6      | Reached skill level 1 in Invocations
  3813 | D:6      | Killed a yak
  3824 | D:6      | Killed a yak
  4426 | D:6      | Received a gift from Nemelex Xobeh
  4618 | D:6      | Reached skill level 8 in Fighting
  4618 | D:6      | Reached XP level 9. HP: 81/81 MP: 11/11
  5034 | D:7      | Identified the +6 rapier "Undertaker" {drain, rN+ Will+
                  | Dex+3}
  5511 | D:7      | Reached skill level 9 in Fighting
  5599 | D:7      | Found a sacrificial altar of Ru.
  5993 | D:7      | Reached skill level 5 in Shields
  6018 | D:7      | Found a basalt altar of Yredelemnul.
  6115 | D:7      | Reached XP level 10. HP: 93/93 MP: 13/13
  6124 | D:7      | Reached skill level 10 in Fighting
  6336 | D:8      | Reached skill level 5 in Invocations
  6434 | D:8      | Reached skill level 5 in Dodging
  6468 | D:8      | Reached skill level 11 in Fighting
  6468 | D:8      | Received a gift from Nemelex Xobeh
  6514 | D:8      | Found a radiant altar of Vehumet.
  6778 | D:8      | Reached *** piety under Nemelex Xobeh
  6933 | D:9      | Found a snail-covered altar of Cheibriados.
  6996 | D:9      | Reached skill level 12 in Fighting
  7233 | D:9      | Reached XP level 11. HP: 104/104 MP: 15/15
  7498 | D:10     | Entered Level 10 of the Dungeon
  7575 | D:10     | Found a staircase to the Lair.
  7709 | D:10     | Received a gift from Nemelex Xobeh
  7843 | D:10     | Reached **** piety under Nemelex Xobeh
  7978 | D:10     | Found a shadowy altar of Dithmenos.
  8158 | D:10     | Received a gift from Nemelex Xobeh
  8353 | Lair:1   | Entered Level 1 of the Lair of Beasts
  8365 | Lair:1   | Reached skill level 13 in Fighting
  8686 | Lair:1   | Noticed Urug
  8702 | Lair:1   | Killed Urug
  8703 | Lair:1   | Reached skill level 10 in Armour
  8996 | Lair:1   | Reached skill level 14 in Fighting
  9274 | Lair:1   | Received a gift from Nemelex Xobeh
  9470 | Lair:2   | Reached XP level 12. HP: 52/118 MP: 17/17
  9744 | Lair:2   | Noticed Gastronok
  9765 | Lair:2   | Killed Gastronok
  9766 | Lair:2   | Reached skill level 10 in Axes
  9803 | Lair:2   | Reached skill level 15 in Fighting
  9857 | Lair:2   | Received a gift from Nemelex Xobeh
 10038 | Lair:2   | Identified the ring "Qenyics" {rF+ Int+3}
 10183 | Lair:2   | Noticed a boulder beetle
 10249 | Lair:2   | Killed a boulder beetle
 10422 | Lair:2   | Noticed a four-headed hydra
 10431 | Lair:2   | Killed a one-headed hydra
 10499 | Lair:2   | Noticed a six-headed hydra
 10506 | Lair:2   | Killed a three-headed hydra
 10652 | Lair:2   | Noticed an eight-headed hydra
 10657 | Lair:2   | Killed a five-headed hydra
 10658 | Lair:2   | Reached skill level 16 in Fighting
 10756 | Lair:2   | Received a gift from Nemelex Xobeh
 11095 | Lair:3   | Noticed a boulder beetle
 11113 | Lair:2   | Killed a boulder beetle
 11166 | Lair:3   | Reached ***** piety under Nemelex Xobeh
 11671 | Lair:3   | Found a hole to the Spider Nest.
 12017 | Lair:3   | Received a gift from Nemelex Xobeh
 12037 | Lair:3   | Reached XP level 13. HP: 126/130 MP: 19/19
 12390 | Lair:4   | Reached skill level 17 in Fighting
 12949 | Lair:4   | Received a gift from Nemelex Xobeh
 14183 | Lair:5   | Entered Level 5 of the Lair of Beasts
 14196 | Lair:5   | Noticed Rupert
 14208 | Lair:4   | Reached skill level 10 in Invocations
 15082 | D:5      | Killed McKennaii's ghost
 15102 | D:5      | Reached XP level 14. HP: 141/141 MP: 21/21
 15484 | Lair:4   | Reached skill level 18 in Fighting
 15750 | D:11     | Received a gift from Nemelex Xobeh
 15751 | D:11     | Found a staircase to the Orcish Mines.
 15754 | D:11     | Noticed Nergalle
 15765 | D:11     | Killed Nergalle
 15925 | D:11     | Found a transporter.
 15928 | D:11     | Found a transporter.
 15933 | D:11     | Found a transporter.
 15978 | D:11     | Noticed Josephine
 16009 | D:11     | Killed Josephine
 16184 | D:11     | Found a transporter.
 16196 | D:11     | Noticed Maurice
 16216 | D:11     | Killed Maurice
 16761 | D:11     | Received a gift from Nemelex Xobeh
 17012 | Orc:1    | Entered Level 1 of the Orcish Mines
 17012 | Orc:1    | Found a roughly hewn altar of Beogh.
 17565 | Orc:1    | Found Etutel's Magic Scroll Emporium.
 17662 | Orc:1    | Found Geehoz's Weapon Shop.
 17713 | Orc:1    | Bought a scroll of teleportation for 54 gold pieces
 17839 | Orc:1    | Found Hoffuh's Weapon Boutique.
 17910 | Orc:2    | Entered Level 2 of the Orcish Mines
 18124 | Orc:2    | Reached ****** piety under Nemelex Xobeh
 18124 | Orc:2    | Received a gift from Nemelex Xobeh
 18425 | Orc:2    | Found a roughly hewn altar of Beogh.
 19166 | Orc:2    | Found Mexakim's Armour Boutique.
 19215 | Orc:2    | Paralysed by something for 3 turns
 19222 | Orc:2    | Found Hafavarch's Armour Shoppe.
 19227 | Orc:2    | Found Nymu's Assorted Antiques.
 19228 | Orc:2    | Found Gitezoidi's Book Boutique.
 19228 | Orc:2    | Found a staircase to the Elven Halls.
 19229 | Orc:2    | Received a gift from Nemelex Xobeh
 19315 | Orc:2    | Reached skill level 10 in Shields
 19509 | Orc:2    | Paralysed by something for 5 turns
 19532 | Orc:2    | Paralysed by an orc sorcerer for 2 turns
 20076 | Lair:4   | Killed Rupert
 20077 | Lair:4   | Reached XP level 15. HP: 139/151 MP: 23/23
 20110 | Lair:4   | Reached skill level 19 in Fighting
 20534 | Lair:5   | Found a staircase to the Slime Pits.
 21121 | Lair:5   | Reached skill level 15 in Armour
 21235 | Lair:5   | Found a runed translucent door.
 22305 | D:12     | Received a gift from Nemelex Xobeh
 22541 | D:12     | Noticed Kirke
 22563 | D:12     | Killed Kirke
 23469 | D:13     | Received a gift from Nemelex Xobeh
 23469 | D:13     | You fall into a shaft and drop 2 floors!
 23469 | D:15     | Entered Level 15 of the Dungeon
 23713 | D:14     | Found Gayvvo's Antique Weapon Boutique.
 23724 | D:13     | Noticed Nessos
 23978 | D:13     | Killed Nessos
 24493 | D:13     | Noticed Azrael
 24506 | D:13     | Killed Azrael
 24735 | D:13     | Reached XP level 16. HP: 159/162 MP: 25/25
 24955 | D:13     | Received a gift from Nemelex Xobeh
 25039 | D:13     | Reached skill level 20 in Fighting
 25714 | D:14     | Found a gate to the Vaults.
 25873 | D:14     | Found an ornate altar of the Wu Jian Council.
 26059 | D:14     | Found a hazy altar of Hepliaklqana.
 26300 | D:15     | Identified the +7 longbow of the Wolf {heavy, rC+ Dex+2}
 26570 | D:15     | Found a staircase to the Depths.
 26734 | D:15     | Received a gift from Nemelex Xobeh
 27010 | D:15     | Found a snail-covered altar of Cheibriados.
 27150 | D:15     | Found a white marble altar of Elyvilon.
 27150 | D:15     | Found a glowing golden altar of the Shining One.
 27151 | D:15     | Found a glowing silver altar of Zin.
 27562 | Spider:1 | Entered Level 1 of the Spider Nest
 27701 | Spider:1 | Received a gift from Nemelex Xobeh
 28268 | Spider:1 | Identified the +2 arbalest of Melee {penet, rElec rPois
                  | Int+3}
 28550 | Spider:1 | Identified the +8 trident of Contradiction {heavy, rF- rC++
                  | MP+9 Str+4}
 29069 | Shoals:1 | Entered Level 1 of the Shoals
 29440 | Shoals:1 | Noticed a kraken
 29459 | Shoals:1 | Killed a kraken
 29876 | Shoals:1 | Reached XP level 17. HP: 172/172 MP: 27/27
 29928 | Shoals:1 | Received a gift from Nemelex Xobeh
 30266 | Shoals:1 | Reached skill level 21 in Fighting
 31752 | Shoals:2 | Noticed Polyphemus
 31776 | Shoals:2 | Killed Polyphemus
 31777 | Shoals:2 | Reached skill level 15 in Axes
 31968 | Shoals:2 | Noticed Ilsuiw
 32196 | Shoals:2 | Ilsuiw changed into Ilsuiw the fenstrider witch
 32196 | Shoals:2 | Noticed Ilsuiw
 32199 | Shoals:2 | Paralysed by Ilsuiw for 4 turns
 32206 | Shoals:2 | Killed Ilsuiw the fenstrider witch
 32319 | Shoals:2 | Noticed Donald
 32334 | Shoals:2 | Killed Donald
 32395 | Shoals:2 | Received a gift from Nemelex Xobeh
 32507 | Shoals:2 | Reached skill level 10 in Dodging
 32897 | Shoals:2 | Found Adotonla's Magic Scroll Shoppe.
 32901 | Shoals:2 | Noticed a kraken
 33159 | Shoals:2 | Killed a kraken
 33562 | Shoals:2 | Identified the +4 falchion of Vabboaw {protect, +Blink
                  | Will+ rCorr}
 34116 | Shoals:3 | Found Jegux's Island Escapes.
 34412 | Shoals:2 | Upgraded the game from 0.30.0-5-g1a98f26d00 to
                  | 0.30.0-7-g0c4daa9e05
 34603 | Elf:1    | Entered Level 1 of the Elven Halls
 34603 | Elf:1    | Received a gift from Nemelex Xobeh
 34794 | Elf:1    | Reached XP level 18. HP: 184/184 MP: 28/28
 35343 | Elf:1    | Noticed Agnes
 35357 | Elf:1    | Killed Agnes
 35388 | Elf:1    | Reached skill level 22 in Fighting
 35617 | Elf:1    | Received a gift from Nemelex Xobeh
 36199 | Elf:1    | You fall into a shaft and drop 1 floor!
 36225 | Elf:2    | Noticed a deep elf blademaster
 36232 | Elf:2    | Killed a deep elf blademaster
 36975 | Elf:2    | Received a gift from Nemelex Xobeh
 37200 | Elf:2    | Found a runed translucent gate.
 37202 | Elf:2    | Found a runed translucent gate.
 37206 | Elf:2    | Found a runed translucent gate.
 38225 | Elf:2    | Found Iptiumed's Jewellery Boutique.
 38246 | Elf:2    | Bought the amulet of Vasaraz {Contam rElec rC+++ Regen+}
                  | for 1027 gold pieces
 38654 | Elf:2    | Found Wiuxtaje's Distillery.
 38661 | Elf:2    | Received a gift from Nemelex Xobeh
 38715 | Elf:2    | Found Jiecrank's Armour Shop.
 38721 | Elf:2    | Found Hauh's Jewellery Boutique.
 38725 | Elf:2    | Bought the ring "Ycihoupt" {rCorr MP+9 SInv} for 901 gold
                  | pieces
 39635 | Spider:2 | Received a gift from Nemelex Xobeh
 39715 | Spider:2 | Reached skill level 15 in Invocations
 39853 | Spider:2 | Noticed Erymatos's ghost (journeyman MiBe)
 39855 | Spider:2 | Found a transporter.
 39877 | Spider:2 | Found a transporter.
 40480 | Spider:3 | Received a gift from Nemelex Xobeh
 41587 | Spider:4 | Entered Level 4 of the Spider Nest
 41587 | Spider:4 | Noticed Arachne
 41602 | Spider:3 | Killed Arachne
 41841 | Spider:4 | Reached XP level 19. HP: 189/193 MP: 30/30
 42017 | Spider:4 | Noticed Mlioglotl
 42033 | Spider:4 | Killed Mlioglotl
 42076 | Spider:4 | Received a gift from Nemelex Xobeh
 42761 | Spider:4 | Reached skill level 23 in Fighting
 42789 | Spider:4 | Got a gossamer rune of Zot
 43684 | Elf:3    | Entered Level 3 of the Elven Halls
 43684 | Elf:3    | Received a gift from Nemelex Xobeh
 43880 | Elf:3    | Received a gift from Nemelex Xobeh
 44384 | Abyss:2  | Cast into level 2 of the Abyss (a deep elf sorcerer)
 44410 | Abyss:2  | Found a corrupted altar of Lugonu.
 44425 | Abyss:2  | Found a corrupted altar of Lugonu.
 44649 | Abyss:2  | Noticed a hellephant
 44687 | Abyss:2  | Killed from afar by an orc sorcerer

Illustrated notes

Levels and vault maps discovered:
D:1:      dpeg_arrival_rhombi, layout_rooms, serial_bayou_ford_a
D:2:      layout_basic, serial_shops, shop
D:3:      layout_rooms, serial_shops, shop, shop, corexii_corridor_pit,
          columned_hall_lemuel
D:4:      layout_basic
D:5:      layout_cave_pools, mainiacjoe_overflow_chevrons, zin_purify,
          temple_green, gammafunk_ghost_hive
D:6:      layout_basic
D:7:      minmay_razor_zed, layout_loops_ring, kennysheep_mini_moat,
          lemuel_mausoleum_altar_yredelemnul, enter_bailey_8,
          minmay_manual_monolith
D:8:      layout_rooms, general_overflow_altar
D:9:      layout_basic, mainiacjoe_overflow_paths
D:10:     layout_gridville, grunt_dithmenos_shadows, lair_entry_dummy
D:11:     layout_layer_cave, orc_0_dummy, nicolae_transporter_circle,
          uniq_josephine, uniq_maurice, uniq_nergalle
D:12:     layout_roguey, uniq_kirke
D:13:     minmay_open_boxes_in_corner, layout_irregular_city, uniq_nessos,
          uniq_azrael
D:14:     layout_grid_maze, lightli_vaults_fourway_checkpoint,
          pdpol_wu_jian_five_deadly_venoms, serial_shops,
          nicolae_shop_tiny_real_fake_doors, worldfamousw_hep_ancestral_shrine
D:15:     hangedman_depths_entry_civil_slaughter, layout_long_grid,
          good_gods_mini_temple, chei_slow_surprise
Temple:   regret_index_temple_generic_petals
Lair:1:   hellmonk_destroyed_diamonds, layout_chaotic_city, uniq_urug
Lair:2:   nzn_winding_woodlands_medium [nzn_winding_woodlands_5x5_closed_star,
          nzn_winding_woodlands_5x15_eye, nzn_winding_woodlands_5x5_perimeter,
          nzn_winding_woodlands_5x5_open_star,
          nzn_winding_woodlands_center_lodge, nzn_winding_woodlands_5x5_cross,
          nzn_winding_woodlands_5x5_checkerboard,
          nzn_winding_woodlands_5x15_crooked, nzn_winding_woodlands_5x5_three],
          layout_gridlike, nicolae_shoals_entry_flooding,
          gauntlet_entry_generic, fungi_pond_lemuel, uniq_gastronok
Lair:3:   layout_regular_city, spider_nest_entry_funnel_web, minivault_25,
          grunt_megastairs_5, infiniplex_staircase_pool_2
Lair:4:   layout_cave_pods, lemuel_fruit_fields
Lair:5:   guppyfry_lair_end_dragon, layout_cave_shapes, wormcave,
          nicolae_slime_entry_field_trip, grunt_megastairs_3, lemuel_fruit_tree,
          uniq_rupert
Shoals:1: layout_shoals
Shoals:2: cheibrodos_shoals_three_sisters, layout_shoals, serial_shops, shop,
          nzn_prometheus_bound, uniq_ilsuiw, uniq_donald, uniq_polyphemus
Shoals:3: layout_shoals, serial_shops, nicolae_shop_pleasant_corner_grove,
          nicolae_island_escapes
Spider:1: layout_cave_pods, einodemon_crawler_minivault
Spider:2: layout_spider_delve, gammafunk_ghost_arena, drop_trap
Spider:3: layout_chambers
Spider:4: guppyfry_spider_rune, guppyfry_spider_mini_3, uniq_arachne,
          uniq_mlioglotl
Orc:1:    layout_diamond_mine, basic_altar, serial_shops, nicolae_square_shop,
          shop, nicolae_shop_tiny_waterfront
Orc:2:    st_orc_open, layout_caves, basic_altar
Elf:1:    elf_arrival_002, layout_geoelf_diagonals, hangedman_corner_corridor,
          uniq_agnes
Elf:2:    elven_hall_of_blades_hangedman_original
          [nicolae_vaults_blade_armed_guards], layout_onion_city, serial_shops,
          shop, shop, shop, nicolae_stop_n_shop_1, lemuel_elevator
Elf:3:    grunt_elf_hall_asides, layout_loops_cross,
          gammafunk_ghost_tricky_traps
Abyss:2:  base: Depths:2, hangedman_abyss_overflow_altar

Skill      XL: |  1  2  3  4  5  6  7  8  9 10 11 12 13 14 15 16 17 18 19 |
---------------+----------------------------------------------------------+-----
Armour         | 1 2 3 4 6 7 9 10 11 13 14 15 16 17 18 19 | 19.3
Fighting       | 4 5 6 8 9 12 14 16 17 18 19 20 21 22 23 | 23.2
Shields        | 1 2 3 4 5 6 7 8 9 10 11 12 13 | 13.7
Axes           | 5 6 7 8 9 10 11 12 13 14 15 16 | 16.8
Dodging        | 3 4 5 6 7 8 9 10 11 | 11.1
Invocations    | 3 4 6 7 9 10 11 12 13 14 15 | 15.7

Action                     |  1- 3 |  4- 6 |  7- 9 | 10-12 | 13-15 | 16-18 | 19-21 || total
---------------------------+-------+-------+-------+-------+-------+-------+-------++-------
  Melee: Hand axe          |    93 |   167 |    11 |       |       |       |       ||   271
         War axe           |       |       |   298 |   483 |  1115 |  1472 |   408 ||  3776
  Throw: Stone             |       |     9 |     5 |       |       |       |       ||    14
         Boomerang         |       |       |     1 |    25 |    19 |    12 |       ||    57
         Dart              |       |       |       |     1 |     2 |     2 |       ||     5
 Invoke: Draw Destruction  |       |       |     2 |    10 |    11 |    18 |     6 ||    47
         Triple Draw       |       |       |       |     1 |       |       |       ||     1
         Deal Four         |       |       |       |     1 |       |       |       ||     1
         Draw Escape       |       |       |       |       |     4 |     6 |     1 ||    11
         Draw Summoning    |       |       |       |       |     1 |       |     1 ||     2
Ability: Evoke Blink       |       |       |       |       |       |     1 |       ||     1
    Use: Scroll            |       |       |     7 |     5 |     8 |     8 |     2 ||    30
         Potion            |       |       |       |       |     3 |     3 |       ||     6
   Stab: Held in net/web   |       |       |       |       |       |       |     1 ||     1
 Armour: Chain mail        |    68 |    38 |       |       |       |       |       ||   106
         Plate armour      |       |    90 |   222 |   230 |   520 |   862 |   249 ||  2173
  Dodge: Dodged            |    36 |    34 |    53 |   166 |   389 |   454 |   148 ||  1280
  Block: Tower shield      |       |   112 |   238 |   387 |  1067 |  1628 |   421 ||  3853
         Reflection        |       |       |       |       |       |    66 |       ||    66
Riposte: Hand axe          |     4 |    26 |     1 |       |       |       |       ||    31
         War axe           |       |       |    85 |   162 |   405 |   550 |   159 ||  1361
